Devils vs Islanders

Created - March 24, 2024 at 22:00

Goals
1 2 3 T
Devils 0 1 0 1
Islanders 1 2 0 3
Shots
1 2 3 T
Devils 17 12 11 40
Islanders 12 12 10 34

1st period

1. Islanders , Travis Konecny 36 (Matthew Tkachuk 54, Aleksander Barkov 68) at 11:16

Penalties :
Ryan Suter (NJD) for Roughing (Minor) at 0:41, Adam Henrique (NJD) for Cross-checking (Minor) at 6:24, Ryan Pulock (NYI) for Hooking (Minor) at 13:23, MacKenzie Weegar (NJD) for Holding (Minor) at 15:45

2nd period

2. Devils , Rafael Harvey-Pinard 30 (Adam Henrique 44) at 7:53
3. Islanders , Casey Cizikas 5 (Conor Garland 13, Charlie McAvoy 48) at 8:57
4. Islanders , Brandon Carlo 6 (Aleksander Barkov 69, Scott Mayfield 17) at 12:36

Penalties :
No Penalty

3rd period

No Goal

Penalties :
Charlie McAvoy (NYI) for Roughing (Minor) at 2:50, Casey Cizikas (NYI) for Holding (Minor) at 6:27, Matthew Tkachuk (NYI) for Fighting (Major) at 8:46, Ryan Suter (NJD) for Fighting (Major) at 8:46, Brandon Carlo (NYI) for Fighting (Major) at 8:46, Derick Brassard (NJD) for Fighting (Major) at 8:46, Travis Konecny (NYI) for Fighting (Major) at 8:46, Dougie Hamilton (NJD) for Fighting (Major) at 8:46, Dougie Hamilton (NJD) for instigated a fight (Game Misconduct) at 8:46, Scott Mayfield (NYI) for Roughing (Minor) at 8:46, Aleksander Barkov (NYI) for Slashing (Minor) at 8:46, Adam Henrique (NJD) for Roughing (Minor) at 8:46, Rafael Harvey-Pinard (NJD) for High sticking (Minor) at 8:46, Adam Gaudette (NJD) for Interference (Minor) at 11:48, Brandon Carlo (NYI) for Fighting (Major) at 16:07, Tyler Myers (NJD) for Fighting (Major) at 16:07, Tyler Myers (NJD) for instigated a fight (Game Misconduct) at 16:07

Goalie Stats

Jacob Markstrom (NJD), 31 saves from 34 shots - (0.912), L, 32-12-7, 60:00 minutes
Andrei Vasilevskiy (NYI), 39 saves from 40 shots - (0.975), W, 39-14-6, 60:00 minutes

Players Stats for Devils

Player Name              G  A  P  +/- PIM S  H  SB GA TA FO     MP     PP MP  PK MP  
------------------------------------------------------------------------------------
Adam Gaudette            0  0  0   0  2   0  0  0  0  0  2/8     7:47   0:00   0:15 
Adam Henrique            0  1  1  -2  4   4  0  0  0  0  16/25  14:22   3:25   0:00 
Derick Brassard          0  0  0  -2  5   0  1  0  0  0  0/0    14:22   0:00   4:02 
Dougie Hamilton          0  0  0   0  17  2  0  1  0  0  0/0    17:50   3:25   1:52 
Dylan Guenther           0  0  0   0  0   1  0  0  0  0  0/0     7:10   0:00   0:08 
MacKenzie Weegar         0  0  0   0  2   3  1  1  0  0  0/0    19:49   2:32   4:11 
Marcus Johansson         0  0  0   0  0   3  0  0  0  0  0/1    16:52   3:25   0:00 
Mark Jankowski           0  0  0   0  0   1  1  1  0  0  2/4    11:30   0:00   4:31 
Mike Hoffman             0  0  0   0  0   4  0  0  0  0  0/0    13:16   2:32   0:00 
Nick Foligno             0  0  0   0  0   1  1  0  0  0  0/1    11:40   0:00   0:23 
Phillip Di Giuseppe      0  0  0   0  0   1  3  0  0  0  1/1    18:04   0:00   4:35 
Rafael Harvey-Pinard     1  0  1  -2  2   6  1  0  0  0  1/1    15:21   2:32   1:10 
Ryan Suter               0  0  0   0  7   1  0  1  0  0  0/0    20:57   2:32   2:48 
Sean Durzi               0  0  0  -2  0   3  1  1  0  0  0/0    20:00   3:25   2:39 
Tim Stutzle              0  0  0   0  0   5  0  0  0  0  5/16   17:49   3:25   0:39 
Travis Boyd              0  0  0   0  0   3  0  0  0  0  21/32  20:19   2:32   7:08 
Troy Stecher             0  0  0  -2  0   1  2  2  0  0  0/0    20:16   0:00   5:44 
Tyler Myers              0  0  0   0  17  1  1  2  0  0  0/0    18:33   0:00   5:32 

Players Stats for Islanders

Player Name              G  A  P  +/- PIM S  H  SB GA TA FO     MP     PP MP  PK MP  
------------------------------------------------------------------------------------
Aleksander Barkov        0  2  2   2  2   1  1  0  0  0  15/27  20:55   5:08   0:00 
Brandon Carlo            1  0  1   2  10  1  2  1  0  0  0/0    17:36   0:00   2:37 
Casey Cizikas            1  0  1   0  2   4  3  0  0  0  11/18  10:41   0:44   1:49 
Charlie McAvoy           0  1  1   0  2   1  2  0  0  0  0/0    18:56   5:44   0:00 
Conor Garland            0  1  1   0  0   0  0  1  0  0  0/1    16:06   4:11   3:00 
Jason Dickinson          0  0  0   0  0   2  0  1  0  0  3/10   11:16   1:14   2:57 
Jonatan Berggren         0  0  0   0  0   2  0  0  0  0  0/2     9:48   0:28   2:57 
Kyle Connor              0  0  0   0  0   5  1  0  0  0  0/1    18:02   5:44   0:00 
Mark Giordano            0  0  0   0  0   2  1  1  0  0  0/0    17:45   0:00   3:20 
Mason Shaw               0  0  0   0  0   1  0  0  0  0  2/4     7:34   0:00   1:11 
Matthew Tkachuk          0  1  1   2  5   3  2  0  0  0  0/0    19:14   4:13   0:00 
Nikolaj Ehlers           0  0  0   0  0   2  0  0  0  0  0/1    18:04   4:41   0:00 
Paul Stastny             0  0  0   0  0   1  0  0  0  0  7/18   16:21   4:03   0:00 
Pavel Zacha              0  0  0   0  0   2  0  0  0  0  3/6    15:56   6:17   0:00 
Ryan Pulock              0  0  0   0  2   1  0  2  0  0  0/0    21:00   3:31   1:45 
Scott Mayfield           0  1  1   2  2   0  0  4  0  0  0/0    22:02   1:08   3:54 
Tobias Bjornfot          0  0  0   0  0   0  2  1  0  0  0/0    13:09   0:00   0:18 
Travis Konecny           1  0  1   2  5   6  2  2  0  0  0/1    17:30   2:29   0:00 

3 Stars

1 - Andrei Vasilevskiy (NYI)
2 - Aleksander Barkov (NYI)
3 - Casey Cizikas (NYI)

Power Play

Devils - 0 on 3 Attempt(s) - 0.00%
Islanders - 0 on 6 Attempt(s) - 0.00%

Penalty Kill

Devils - 6 on 6 Attempt(s) - 100.00% - Score 0 goal in Penalty Kill
Islanders - 3 on 3 Attempt(s) - 100.00% - Score 0 goal in Penalty Kill

Team Stat

Devils - Hits : 12 - Faceoff Wins : 48 - Blocked Shots : 9 - Penalty Minutes : 56
Islanders - Hits : 16 - Faceoff Wins : 41 - Blocked Shots : 13 - Penalty Minutes : 30

Official

Referees : Brandon Blandina and Beaudry Halkidis
Linesman : Michel Cormier and Ryan Galloway

Game Notes

General Fight at 8:46 of 3rd period
Ryan Suter beats up Matthew Tkachuk at 8:46 of 3rd period
Brandon Carlo and Derick Brassard fight to a draw at 8:46 of 3rd period
Travis Konecny beats up Dougie Hamilton at 8:46 of 3rd period
Dougie Hamilton (NJD) for instigated a fight (Game Misconduct) at 8:46
Dougie Hamilton ejected from game at 8:46 of 3rd period
Tyler Myers beats up Brandon Carlo at 16:07 of 3rd period
Tyler Myers (NJD) for instigated a fight (Game Misconduct) at 16:07
Tyler Myers ejected from game at 16:07 of 3rd period

Finance

Level 1 -- Attendance: 6000 (100.00%) -- Ticket Income $630,000
Level 2 -- Attendance: 5000 (100.00%) -- Ticket Income $225,000
Level 3 -- Attendance: 2000 (100.00%) -- Ticket Income $80,000
Level 4 -- Attendance: 4000 (100.00%) -- Ticket Income $140,000
Luxury Box -- Attendance: 1000 (100.00%) -- Ticket Income $100,000
Game was played at the Barclays Center.
Total Attendance: 18000 (100.00%)
Total Ticket Income: $1,175,000
Other Income: $575,750
Total Income: $1,750,750

Devils

5 vs 5 Forward 
   Center                   Left Wing                Right Wing               Time % Phy DF OF 
 1 Tim Stutzle              Phillip Di Giuseppe      Marcus Johansson         32     0   1  4  
 2 Adam Henrique            Rafael Harvey-Pinard     Derick Brassard          30     0   1  4  
 3 Travis Boyd              Mike Hoffman             Nick Foligno             28     0   2  3  
 4 Adam Gaudette            Mark Jankowski           Dylan Guenther           10     1   3  1  

5 vs 5 Defense 
   Defense                  Defense                                           Time % Phy DF OF 
 1 Dougie Hamilton          Ryan Suter                                        33     1   3  1  
 2 MacKenzie Weegar         Tyler Myers                                       32     1   3  1  
 3 Sean Durzi               Troy Stecher                                      30     1   3  1  
 4 Dougie Hamilton          Ryan Suter                                        5      1   3  1  

PowerPlay Forward 
   Center                   Left Wing                Right Wing               Time % Phy DF OF 
 1 Adam Henrique            Tim Stutzle              Marcus Johansson         60     0   0  5  
 2 Travis Boyd              Mike Hoffman             Rafael Harvey-Pinard     40     0   1  4  

PowerPlay Defense
   Defense                  Defense                                           Time % Phy DF OF 
 1 Dougie Hamilton          Sean Durzi                                        60     0   0  5  
 2 MacKenzie Weegar         Ryan Suter                                        40     0   1  4  

Penalty Kill 4 Players Forward 
   Center                   Wing                     Time % Phy DF OF 
 1 Travis Boyd              Phillip Di Giuseppe      60     0   5  0  
 2 Mark Jankowski           Derick Brassard          40     0   5  0  

Penalty Kill 4 Players Defense
   Defense                  Defense                  Time % Phy DF OF 
 1 Ryan Suter               Tyler Myers              60     0   5  0  
 2 Troy Stecher             MacKenzie Weegar         40     0   5  0  

Penalty Kill - 3 Players Forward 
   Forward                                           Time % Phy DF OF 
 1 Travis Boyd                                       60     0   5  0  
 2 Mark Jankowski                                    40     0   5  0  

Penalty Kill - 3 Players Defense
   Defense                  Defense                  Time % Phy DF OF 
 1 Ryan Suter               Tyler Myers              60     0   5  0  
 2 Sean Durzi               MacKenzie Weegar         40     0   5  0  

4 vs 4 Forward 
   Center                   Wing                     Time % Phy DF OF 
 1 Tim Stutzle              Adam Henrique            60     1   2  2  
 2 Travis Boyd              Marcus Johansson         40     1   2  2  

4 vs 4 Defense
   Defense                  Defense                  Time % Phy DF OF 
 1 Dougie Hamilton          Ryan Suter               60     1   2  2  
 2 Sean Durzi               MacKenzie Weegar         40     1   2  2  

Last Minutes Offensive
   Center                   Left Wing                Right Wing               Defense                  Defense                  
   Tim Stutzle              Adam Henrique            Marcus Johansson         Sean Durzi               Dougie Hamilton          

Last Minutes Defensive
   Center                   Left Wing                Right Wing               Defense                  Defense                  
   Adam Henrique            Mark Jankowski           Nick Foligno             Ryan Suter               Tyler Myers              

Goaltenders
Starting : Jacob Markstrom          
Backup : David Rittich            

Extra Forwards
Normal : Rafael Harvey-Pinard, Derick Brassard, Phillip Di Giuseppe - PP : Rafael Harvey-Pinard, Derick Brassard - PK : Phillip Di Giuseppe
Extra Defensemen
Normal : Sean Durzi, Troy Stecher, Ryan Suter - PP : Sean Durzi - PK : Troy Stecher, Ryan Suter
Penalty Shots
Tim Stutzle, Marcus Johansson, Adam Henrique, Nick Foligno, Mike Hoffman
Custom OT Lines Forwards
Tim Stutzle, Marcus Johansson, Adam Henrique, Travis Boyd, Rafael Harvey-Pinard, Derick Brassard, Mike Hoffman, Nick Foligno, Dylan Guenther, Phillip Di Giuseppe
Custom OT Lines Defensemen
Dougie Hamilton, Sean Durzi, MacKenzie Weegar, Ryan Suter, Troy Stecher

Scratches
Zach Bogosian (Healthy), Chad Ruhwedel (Healthy), James Reimer (Healthy)

Islanders

5 vs 5 Forward 
   Center                   Left Wing                Right Wing               Time % Phy DF OF 
 1 Aleksander Barkov        Travis Konecny           Matthew Tkachuk          35     1   1  3  
 2 Paul Stastny             Kyle Connor              Nikolaj Ehlers           31     1   1  3  
 3 Casey Cizikas            Conor Garland            Pavel Zacha              22     1   1  3  
 4 Jason Dickinson          Mason Shaw               Jonatan Berggren         12     1   2  2  

5 vs 5 Defense 
   Defense                  Defense                                           Time % Phy DF OF 
 1 Brandon Carlo            Scott Mayfield                                    40     1   3  1  
 2 Mark Giordano            Ryan Pulock                                       35     1   3  1  
 3 Charlie McAvoy           Tobias Bjornfot                                   25     1   3  1  
 4 Charlie McAvoy           Mark Giordano                                     0      1   3  1  

PowerPlay Forward 
   Center                   Left Wing                Right Wing               Time % Phy DF OF 
 1 Aleksander Barkov        Kyle Connor              Matthew Tkachuk          50     0   0  5  
 2 Paul Stastny             Travis Konecny           Nikolaj Ehlers           50     0   0  5  

PowerPlay Defense
   Defense                  Defense                                           Time % Phy DF OF 
 1 Pavel Zacha              Charlie McAvoy                                    50     0   0  5  
 2 Conor Garland            Ryan Pulock                                       50     0   0  5  

Penalty Kill 4 Players Forward 
   Center                   Wing                     Time % Phy DF OF 
 1 Casey Cizikas            Conor Garland            50     0   5  0  
 2 Jason Dickinson          Jonatan Berggren         50     0   5  0  

Penalty Kill 4 Players Defense
   Defense                  Defense                  Time % Phy DF OF 
 1 Brandon Carlo            Scott Mayfield           50     0   5  0  
 2 Mark Giordano            Ryan Pulock              50     0   5  0  

Penalty Kill - 3 Players Forward 
   Forward                                           Time % Phy DF OF 
 1 Casey Cizikas                                     50     0   5  0  
 2 Jason Dickinson                                   50     0   5  0  

Penalty Kill - 3 Players Defense
   Defense                  Defense                  Time % Phy DF OF 
 1 Brandon Carlo            Scott Mayfield           50     0   5  0  
 2 Mark Giordano            Ryan Pulock              50     0   5  0  

4 vs 4 Forward 
   Center                   Wing                     Time % Phy DF OF 
 1 Aleksander Barkov        Matthew Tkachuk          50     1   2  2  
 2 Paul Stastny             Kyle Connor              50     1   2  2  

4 vs 4 Defense
   Defense                  Defense                  Time % Phy DF OF 
 1 Brandon Carlo            Charlie McAvoy           50     1   2  2  
 2 Scott Mayfield           Ryan Pulock              50     1   2  2  

Last Minutes Offensive
   Center                   Left Wing                Right Wing               Defense                  Defense                  
   Aleksander Barkov        Travis Konecny           Matthew Tkachuk          Charlie McAvoy           Mark Giordano            

Last Minutes Defensive
   Center                   Left Wing                Right Wing               Defense                  Defense                  
   Aleksander Barkov        Travis Konecny           Matthew Tkachuk          Charlie McAvoy           Mark Giordano            

Goaltenders
Starting : Andrei Vasilevskiy       
Backup : Karel Vejmelka           

Extra Forwards
Normal : Nikolaj Ehlers, Pavel Zacha, Jason Dickinson - PP : Nikolaj Ehlers, Pavel Zacha - PK : Mason Shaw
Extra Defensemen
Normal : Ryan Pulock, Scott Mayfield, Charlie McAvoy - PP : Charlie McAvoy - PK : Scott Mayfield, Ryan Pulock
Penalty Shots
Aleksander Barkov, Mark Giordano, Casey Cizikas, Kyle Connor, Pavel Zacha
Custom OT Lines Forwards
Aleksander Barkov, Matthew Tkachuk, Travis Konecny, Kyle Connor, Nikolaj Ehlers, Pavel Zacha, Conor Garland, Paul Stastny, Jason Dickinson, Jonatan Berggren
Custom OT Lines Defensemen
Brandon Carlo, Charlie McAvoy, Scott Mayfield, Ryan Pulock, Mark Giordano

Scratches
Otto Koivula (Healthy), William Lagesson (Healthy)

% Time on Ice - Devils

Lines # - Real PCT - Wanted PCT - Time Play
Normal Forward
1 - 32% - 32% - 13:27
2 - 26% - 30% - 10:59
3 - 25% - 28% - 10:44
4 - 17% - 10% - 6:59
Normal Defense
1 - 39% - 33% - 16:30
2 - 31% - 32% - 13:02
3 - 28% - 30% - 11:53
4 - 2% - 5% - 0:44
PP Forward
1 - 57% - 60% - 3:25
2 - 43% - 40% - 2:32
PP Defense
1 - 57% - 60% - 3:25
2 - 43% - 40% - 2:32
PK Forward
1 - 61% - 60% - 6:03
2 - 39% - 40% - 3:52
PK Defense
1 - 73% - 60% - 7:13
2 - 27% - 40% - 2:42
PK3 Forward
1 - 74% - 60% - 1:28
2 - 26% - 40% - 0:31
PK3 Defense
1 - 61% - 60% - 1:13
2 - 39% - 40% - 0:46
44 Forward
1 - 0% - 60%
2 - 0% - 40%
44 Defense
1 - 0% - 60%
2 - 0% - 40%
Last Minute Offensive  - 0:00
Last Minute Defensive  - 0:00
Total
Forward - 60:00
Defense - 60:00

% Time on Ice - Islanders

Lines # - Real PCT - Wanted PCT - Time Play
Normal Forward
1 - 37% - 35% - 15:48
2 - 28% - 31% - 11:49
3 - 19% - 22% - 8:09
4 - 15% - 12% - 6:23
Normal Defense
1 - 40% - 40% - 17:01
2 - 34% - 35% - 14:15
3 - 26% - 25% - 10:53
4 - 0% - 0% - 0:00
PP Forward
1 - 59% - 50% - 5:52
2 - 41% - 50% - 4:03
PP Defense
1 - 58% - 50% - 5:44
2 - 42% - 50% - 4:11
PK Forward
1 - 50% - 50% - 3:00
2 - 50% - 50% - 2:57
PK Defense
1 - 42% - 50% - 2:29
2 - 58% - 50% - 3:28
PK3 Forward
1 - 0% - 50%
2 - 0% - 50%
PK3 Defense
1 - 0% - 50%
2 - 0% - 50%
44 Forward
1 - 76% - 50% - 1:30
2 - 24% - 50% - 0:29
44 Defense
1 - 65% - 50% - 1:17
2 - 35% - 50% - 0:42
Last Minute Offensive  - 0:00
Last Minute Defensive  - 0:00
Total
Forward - 60:00
Defense - 60:00

Play-by-Play

1st period


0:01 of 1st period - Aleksander Barkov wins face-off versus Tim Stutzle in neutral zone.
0:04 of 1st period - Shot by Travis Konecny.
0:04 of 1st period - Deflect By Matthew Tkachuk.
0:04 of 1st period - Shot Misses the Net.
0:41 of 1st period - Shot by Travis Konecny.
0:41 of 1st period - Stopped by Jacob Markstrom without a rebound.
0:41 of 1st period - Minor Penalty to Ryan Suter for Roughing.
0:42 of 1st period - Travis Boyd wins face-off versus Paul Stastny in Devils zone.
2:31 of 1st period - Shot by Charlie McAvoy.
2:31 of 1st period - Stopped by Jacob Markstrom with a rebound.
2:33 of 1st period - Shot by Charlie McAvoy.
2:33 of 1st period - Shot Misses the Net.
2:35 of 1st period - Shot by Jason Dickinson.
2:35 of 1st period - Shot Misses the Net.
3:26 of 1st period - Shot by Tim Stutzle.
3:26 of 1st period - Shot Misses the Net.
3:57 of 1st period - Off-side.
3:58 of 1st period - Aleksander Barkov wins face-off versus Travis Boyd in neutral zone.
4:17 of 1st period - Shot by Travis Konecny.
4:17 of 1st period - Stopped by Jacob Markstrom without a rebound.
4:18 of 1st period - Paul Stastny wins face-off versus Adam Gaudette in Devils zone.
5:21 of 1st period - Shot by Rafael Harvey-Pinard.
5:21 of 1st period - Stopped by Andrei Vasilevskiy without a rebound.
5:22 of 1st period - Tim Stutzle wins face-off versus Aleksander Barkov in Islanders zone.
5:27 of 1st period - Shot by Tim Stutzle.
5:27 of 1st period - Shot Blocked by Travis Konecny.
5:43 of 1st period - Shot by Tim Stutzle.
5:43 of 1st period - Shot Blocked by Travis Konecny.
5:45 of 1st period - Shot by Marcus Johansson.
5:45 of 1st period - Stopped by Andrei Vasilevskiy without a rebound.
5:46 of 1st period - Travis Boyd wins face-off versus Casey Cizikas in Islanders zone.
6:17 of 1st period - Shot by Nick Foligno.
6:17 of 1st period - Stopped by Andrei Vasilevskiy without a rebound.
6:18 of 1st period - Aleksander Barkov wins face-off versus Adam Henrique in Islanders zone.
6:24 of 1st period - Minor Penalty to Adam Henrique for Cross-checking.
6:25 of 1st period - Phillip Di Giuseppe wins face-off versus Aleksander Barkov in Devils zone.
6:30 of 1st period - Shot by Travis Boyd.
6:30 of 1st period - Shot Blocked by Ryan Pulock.
7:05 of 1st period - Off-side.
7:06 of 1st period - Travis Boyd wins face-off versus Paul Stastny in neutral zone.
7:25 of 1st period - Shot by Nikolaj Ehlers.
7:25 of 1st period - Shot Misses the Net.
7:27 of 1st period - Shot by Pavel Zacha.
7:27 of 1st period - Shot Blocked by Mark Jankowski.
7:29 of 1st period - Shot by Nikolaj Ehlers.
7:29 of 1st period - Shot Blocked by MacKenzie Weegar.
7:39 of 1st period - Shot by Nikolaj Ehlers.
7:39 of 1st period - Shot Misses the Net.
7:41 of 1st period - Shot by Nikolaj Ehlers.
7:41 of 1st period - Stopped by Jacob Markstrom without a rebound.
7:42 of 1st period - Aleksander Barkov wins face-off versus Travis Boyd in Devils zone.
7:57 of 1st period - Shot by Kyle Connor.
7:57 of 1st period - Stopped by Jacob Markstrom without a rebound.
7:58 of 1st period - Travis Boyd wins face-off versus Aleksander Barkov in Devils zone.
8:18 of 1st period - Icing by Charlie McAvoy.
8:19 of 1st period - Travis Boyd wins face-off versus Aleksander Barkov in Islanders zone.
8:50 of 1st period - Shot by Mason Shaw.
8:50 of 1st period - Shot Misses the Net.
8:52 of 1st period - Shot by Mason Shaw.
8:52 of 1st period - Shot Misses the Net.
8:54 of 1st period - Shot by Jonatan Berggren.
8:54 of 1st period - Shot Misses the Net.
8:56 of 1st period - Shot by Mason Shaw.
8:56 of 1st period - Shot Misses the Net.
8:58 of 1st period - Shot by Mason Shaw.
8:58 of 1st period - Stopped by Jacob Markstrom without a rebound.
8:59 of 1st period - Paul Stastny wins face-off versus Travis Boyd in Devils zone.
11:16 of 1st period - Shot by Travis Konecny.
11:16 of 1st period - Goal by Travis Konecny - Devils : 0 - Islanders : 1.
11:17 of 1st period - Casey Cizikas wins face-off versus Adam Gaudette in neutral zone.
11:19 of 1st period - Off-side.
11:20 of 1st period - Travis Boyd wins face-off versus Conor Garland in neutral zone.
11:20 of 1st period - Mike Hoffman is hit by Casey Cizikas and loses puck.
11:45 of 1st period - Shot by Travis Boyd.
11:45 of 1st period - Stopped by Andrei Vasilevskiy with a rebound.
11:47 of 1st period - Shot by Dougie Hamilton.
11:47 of 1st period - Shot Blocked by Ryan Pulock.
11:49 of 1st period - Shot by Travis Boyd.
11:49 of 1st period - Stopped by Andrei Vasilevskiy without a rebound.
11:50 of 1st period - Aleksander Barkov wins face-off versus Tim Stutzle in Islanders zone.
11:54 of 1st period - Travis Konecny is hit by MacKenzie Weegar and loses puck.
12:13 of 1st period - Shot by Tyler Myers.
12:13 of 1st period - Stopped by Andrei Vasilevskiy without a rebound.
12:14 of 1st period - Adam Henrique wins face-off versus Jonatan Berggren in Islanders zone.
12:19 of 1st period - Shot by Adam Henrique.
12:19 of 1st period - Stopped by Andrei Vasilevskiy without a rebound.
12:20 of 1st period - Casey Cizikas wins face-off versus Adam Henrique in Islanders zone.
12:20 of 1st period - Casey Cizikas is hit by Rafael Harvey-Pinard.
12:26 of 1st period - Shot by Adam Henrique.
12:26 of 1st period - Deflect By Rafael Harvey-Pinard.
12:26 of 1st period - Stopped by Andrei Vasilevskiy without a rebound.
12:27 of 1st period - Adam Henrique wins face-off versus Travis Konecny in Islanders zone.
12:34 of 1st period - Shot by Rafael Harvey-Pinard.
12:34 of 1st period - Shot Blocked by Scott Mayfield.
12:36 of 1st period - Shot by Rafael Harvey-Pinard.
12:36 of 1st period - Shot Blocked by Brandon Carlo.
12:48 of 1st period - Shot by Rafael Harvey-Pinard.
12:48 of 1st period - Stopped by Andrei Vasilevskiy with a rebound.
12:50 of 1st period - Shot by Derick Brassard.
12:50 of 1st period - Deflect By Adam Henrique.
12:50 of 1st period - Shot Misses the Net.
12:52 of 1st period - Shot by Rafael Harvey-Pinard.
12:52 of 1st period - Shot Blocked by Scott Mayfield.
13:02 of 1st period - Shot by Rafael Harvey-Pinard.
13:02 of 1st period - Stopped by Andrei Vasilevskiy without a rebound.
13:03 of 1st period - Casey Cizikas wins face-off versus Tim Stutzle in Islanders zone.
13:16 of 1st period - Shot by Marcus Johansson.
13:16 of 1st period - Stopped by Andrei Vasilevskiy without a rebound.
13:17 of 1st period - Travis Boyd wins face-off versus Kyle Connor in Islanders zone.
13:22 of 1st period - Shot by Travis Boyd.
13:22 of 1st period - Stopped by Andrei Vasilevskiy without a rebound.
13:23 of 1st period - Travis Boyd wins face-off versus Aleksander Barkov in Islanders zone.
13:23 of 1st period - Minor Penalty to Ryan Pulock for Hooking.
13:24 of 1st period - Adam Henrique wins face-off versus Casey Cizikas in Islanders zone.
13:51 of 1st period - Shot by Adam Henrique.
13:51 of 1st period - Stopped by Andrei Vasilevskiy without a rebound.
13:52 of 1st period - Travis Boyd wins face-off versus Casey Cizikas in Islanders zone.
14:32 of 1st period - Shot by MacKenzie Weegar.
14:32 of 1st period - Stopped by Andrei Vasilevskiy without a rebound.
14:33 of 1st period - Adam Henrique wins face-off versus Jason Dickinson in Islanders zone.
15:00 of 1st period - Shot by Dougie Hamilton.
15:00 of 1st period - Shot Blocked by Jason Dickinson.
15:02 of 1st period - Shot by Marcus Johansson.
15:02 of 1st period - Shot Misses the Net.
15:04 of 1st period - Shot by Tim Stutzle.
15:04 of 1st period - Shot Blocked by Scott Mayfield.
15:06 of 1st period - Shot by Tim Stutzle.
15:06 of 1st period - Shot Misses the Net.
15:08 of 1st period - Shot by Sean Durzi.
15:08 of 1st period - Stopped by Andrei Vasilevskiy with a rebound.
15:10 of 1st period - Shot by Sean Durzi.
15:10 of 1st period - Shot Blocked by Scott Mayfield.
15:12 of 1st period - Shot by Tim Stutzle.
15:12 of 1st period - Stopped by Andrei Vasilevskiy without a rebound.
15:13 of 1st period - Travis Boyd wins face-off versus Casey Cizikas in Islanders zone.
15:16 of 1st period - Shot by MacKenzie Weegar.
15:16 of 1st period - Shot Misses the Net.
15:18 of 1st period - Shot by Ryan Suter.
15:18 of 1st period - Stopped by Andrei Vasilevskiy with a rebound.
15:20 of 1st period - Shot by MacKenzie Weegar.
15:20 of 1st period - Shot Misses the Net.
15:22 of 1st period - Shot by Travis Boyd.
15:22 of 1st period - Shot Hit the Post.
15:45 of 1st period - Minor Penalty to MacKenzie Weegar for Holding.
15:46 of 1st period - Travis Boyd wins face-off versus Paul Stastny in Devils zone.
15:46 of 1st period - Travis Boyd is hit by Travis Konecny.
16:12 of 1st period - Shot by Ryan Pulock.
16:12 of 1st period - Shot Misses the Net.
16:14 of 1st period - Shot by Paul Stastny.
16:14 of 1st period - Deflect By Travis Konecny.
16:14 of 1st period - Shot Blocked by Ryan Suter.
16:16 of 1st period - Shot by Paul Stastny.
16:16 of 1st period - Deflect By Nikolaj Ehlers.
16:16 of 1st period - Stopped by Jacob Markstrom without a rebound.
16:17 of 1st period - Mark Jankowski wins face-off versus Aleksander Barkov in Devils zone.
16:17 of 1st period - Mark Jankowski is hit by Aleksander Barkov.
16:29 of 1st period - Shot by Mark Jankowski.
16:29 of 1st period - Shot Misses the Net.
16:49 of 1st period - Icing by Charlie McAvoy.
16:50 of 1st period - Travis Boyd wins face-off versus Aleksander Barkov in Islanders zone.
17:56 of 1st period - Shot by Jonatan Berggren.
17:56 of 1st period - Stopped by Jacob Markstrom without a rebound.
17:57 of 1st period - Jason Dickinson wins face-off versus Adam Gaudette in Devils zone.
18:25 of 1st period - Shot by Jason Dickinson.
18:25 of 1st period - Stopped by Jacob Markstrom without a rebound.
18:26 of 1st period - Adam Henrique wins face-off versus Paul Stastny in Devils zone.
18:26 of 1st period - Adam Henrique is hit by Brandon Carlo.
18:35 of 1st period - Off-side.
18:36 of 1st period - Aleksander Barkov wins face-off versus Nick Foligno in neutral zone.
18:57 of 1st period - Shot by Aleksander Barkov.
18:57 of 1st period - Shot Misses the Net.
19:12 of 1st period - Off-side.
19:13 of 1st period - Tim Stutzle wins face-off versus Paul Stastny in neutral zone.
19:32 of 1st period - Shot by Kyle Connor.
19:32 of 1st period - Shot Misses the Net.
19:34 of 1st period - Shot by Ryan Pulock.
19:34 of 1st period - Stopped by Jacob Markstrom with a rebound.
19:36 of 1st period - Shot by Paul Stastny.
19:36 of 1st period - Stopped by Jacob Markstrom without a rebound.
19:37 of 1st period - Casey Cizikas wins face-off versus Adam Henrique in Devils zone.
Goals for this period are 0 for Devils vs 1 for Islanders.
Shots for this period are 17 for Devils vs 12 for Islanders.

2nd period


0:01 of 2nd period - Aleksander Barkov wins face-off versus Tim Stutzle in neutral zone.
1:12 of 2nd period - Shot by Adam Henrique.
1:12 of 2nd period - Shot Misses the Net.
1:14 of 2nd period - Shot by Sean Durzi.
1:14 of 2nd period - Stopped by Andrei Vasilevskiy without a rebound.
1:15 of 2nd period - Casey Cizikas wins face-off versus Travis Boyd in Islanders zone.
1:26 of 2nd period - Shot by Nick Foligno.
1:26 of 2nd period - Deflect By Mike Hoffman.
1:26 of 2nd period - Stopped by Andrei Vasilevskiy without a rebound.
1:27 of 2nd period - Adam Henrique wins face-off versus Jason Dickinson in Islanders zone.
1:29 of 2nd period - Rafael Harvey-Pinard is hit by Mark Giordano and loses puck.
1:44 of 2nd period - Shot by Jonatan Berggren.
1:44 of 2nd period - Shot Misses the Net.
1:56 of 2nd period - Shot by Jonatan Berggren.
1:56 of 2nd period - Stopped by Jacob Markstrom with a rebound.
3:20 of 2nd period - Icing by Brandon Carlo.
3:21 of 2nd period - Adam Gaudette wins face-off versus Aleksander Barkov in Islanders zone.
3:28 of 2nd period - Scott Mayfield is hit by Mark Jankowski and loses puck.
4:36 of 2nd period - Shot by Phillip Di Giuseppe.
4:36 of 2nd period - Stopped by Andrei Vasilevskiy with a rebound.
4:59 of 2nd period - Shot by Tobias Bjornfot.
4:59 of 2nd period - Shot Misses the Net.
6:26 of 2nd period - Kyle Connor is hit by Troy Stecher and loses puck.
6:33 of 2nd period - Shot by Kyle Connor.
6:33 of 2nd period - Stopped by Jacob Markstrom without a rebound.
6:34 of 2nd period - Paul Stastny wins face-off versus Adam Henrique in Devils zone.
6:41 of 2nd period - Shot by Nikolaj Ehlers.
6:41 of 2nd period - Shot Misses the Net.
6:43 of 2nd period - Shot by Scott Mayfield.
6:43 of 2nd period - Shot Misses the Net.
6:47 of 2nd period - Shot by Kyle Connor.
6:47 of 2nd period - Stopped by Jacob Markstrom without a rebound.
6:48 of 2nd period - Aleksander Barkov wins face-off versus Mark Jankowski in Devils zone.
7:51 of 2nd period - Shot by Rafael Harvey-Pinard.
7:51 of 2nd period - Shot Misses the Net.
7:53 of 2nd period - Shot by Rafael Harvey-Pinard.
7:53 of 2nd period - Goal by Rafael Harvey-Pinard - Devils : 1 - Islanders : 1.
7:54 of 2nd period - Tim Stutzle wins face-off versus Paul Stastny in neutral zone.
8:53 of 2nd period - Shot by Conor Garland.
8:53 of 2nd period - Shot Misses the Net.
8:55 of 2nd period - Shot by Casey Cizikas.
8:55 of 2nd period - Stopped by Jacob Markstrom with a rebound.
8:57 of 2nd period - Shot by Casey Cizikas.
8:57 of 2nd period - Goal by Casey Cizikas - Devils : 1 - Islanders : 2.
8:58 of 2nd period - Travis Boyd wins face-off versus Jason Dickinson in neutral zone.
9:18 of 2nd period - Shot by Jason Dickinson.
9:18 of 2nd period - Stopped by Jacob Markstrom without a rebound.
9:19 of 2nd period - Adam Henrique wins face-off versus Pavel Zacha in Devils zone.
10:07 of 2nd period - Adam Henrique is hit by Charlie McAvoy and loses puck.
10:34 of 2nd period - Matthew Tkachuk is hit by Nick Foligno and loses puck.
10:45 of 2nd period - Shot by Dougie Hamilton.
10:45 of 2nd period - Shot Misses the Net.
10:47 of 2nd period - Shot by Mike Hoffman.
10:47 of 2nd period - Stopped by Andrei Vasilevskiy without a rebound.
10:48 of 2nd period - Paul Stastny wins face-off versus Tim Stutzle in Islanders zone.
10:48 of 2nd period - Paul Stastny is hit by Phillip Di Giuseppe.
10:59 of 2nd period - Off-side.
11:00 of 2nd period - Casey Cizikas wins face-off versus Adam Gaudette in neutral zone.
11:14 of 2nd period - Shot by Mark Jankowski.
11:14 of 2nd period - Stopped by Andrei Vasilevskiy without a rebound.
11:15 of 2nd period - Tim Stutzle wins face-off versus Paul Stastny in Islanders zone.
11:18 of 2nd period - Shot by Tim Stutzle.
11:18 of 2nd period - Shot Misses the Net.
11:36 of 2nd period - Shot by Kyle Connor.
11:36 of 2nd period - Shot Misses the Net.
12:34 of 2nd period - Shot by Aleksander Barkov.
12:34 of 2nd period - Shot Blocked by Sean Durzi.
12:36 of 2nd period - Shot by Brandon Carlo.
12:36 of 2nd period - Goal by Brandon Carlo - Devils : 1 - Islanders : 3.
12:37 of 2nd period - Travis Boyd wins face-off versus Casey Cizikas in neutral zone.
12:37 of 2nd period - MacKenzie Weegar is hit by Casey Cizikas.
12:43 of 2nd period - Shot by Nick Foligno.
12:43 of 2nd period - Shot Misses the Net.
12:54 of 2nd period - Off-side.
12:55 of 2nd period - Aleksander Barkov wins face-off versus Adam Gaudette in neutral zone.
13:03 of 2nd period - Adam Gaudette is hit by Brandon Carlo and loses puck.
13:14 of 2nd period - Dougie Hamilton is hit by Matthew Tkachuk and loses puck.
14:25 of 2nd period - Shot by Pavel Zacha.
14:25 of 2nd period - Deflect By Casey Cizikas.
14:25 of 2nd period - Stopped by Jacob Markstrom with a rebound.
14:29 of 2nd period - Shot by Conor Garland.
14:29 of 2nd period - Shot Misses the Net.
14:51 of 2nd period - Shot by Tim Stutzle.
14:51 of 2nd period - Stopped by Andrei Vasilevskiy with a rebound.
14:54 of 2nd period - Tim Stutzle is hit by Tobias Bjornfot and loses puck.
15:15 of 2nd period - Shot by Kyle Connor.
15:15 of 2nd period - Shot Misses the Net.
15:25 of 2nd period - Shot by Tim Stutzle.
15:25 of 2nd period - Stopped by Andrei Vasilevskiy without a rebound.
15:26 of 2nd period - Adam Henrique wins face-off versus Jason Dickinson in Islanders zone.
15:49 of 2nd period - Shot by Dougie Hamilton.
15:49 of 2nd period - Stopped by Andrei Vasilevskiy without a rebound.
15:50 of 2nd period - Aleksander Barkov wins face-off versus Adam Gaudette in Islanders zone.
16:07 of 2nd period - Shot by Matthew Tkachuk.
16:07 of 2nd period - Stopped by Jacob Markstrom without a rebound.
16:08 of 2nd period - Pavel Zacha wins face-off versus Tim Stutzle in Devils zone.
16:11 of 2nd period - Shot by Pavel Zacha.
16:11 of 2nd period - Shot Misses the Net.
16:18 of 2nd period - Marcus Johansson is hit by Tobias Bjornfot and loses puck.
16:23 of 2nd period - Shot by Tim Stutzle.
16:23 of 2nd period - Shot Misses the Net.
16:25 of 2nd period - Shot by Tim Stutzle.
16:25 of 2nd period - Shot Blocked by Tobias Bjornfot.
17:12 of 2nd period - Shot by Adam Henrique.
17:12 of 2nd period - Stopped by Andrei Vasilevskiy with a rebound.
17:18 of 2nd period - Shot by Adam Henrique.
17:18 of 2nd period - Shot Misses the Net.
17:25 of 2nd period - Off-side.
17:26 of 2nd period - Aleksander Barkov wins face-off versus Travis Boyd in neutral zone.
17:52 of 2nd period - Shot by Aleksander Barkov.
17:52 of 2nd period - Shot Misses the Net.
17:58 of 2nd period - Shot by Aleksander Barkov.
17:58 of 2nd period - Shot Misses the Net.
18:00 of 2nd period - Shot by Travis Konecny.
18:00 of 2nd period - Stopped by Jacob Markstrom with a rebound.
18:08 of 2nd period - Shot by Aleksander Barkov.
18:08 of 2nd period - Shot Blocked by Troy Stecher.
18:15 of 2nd period - Icing by Troy Stecher.
18:16 of 2nd period - Travis Boyd wins face-off versus Paul Stastny in Devils zone.
19:16 of 2nd period - Shot by Pavel Zacha.
19:16 of 2nd period - Stopped by Jacob Markstrom without a rebound.
19:17 of 2nd period - Aleksander Barkov wins face-off versus Adam Henrique in Devils zone.
19:18 of 2nd period - Shot by Travis Konecny.
19:18 of 2nd period - Stopped by Jacob Markstrom without a rebound.
19:19 of 2nd period - Adam Henrique wins face-off versus Aleksander Barkov in Devils zone.
19:34 of 2nd period - Shot by MacKenzie Weegar.
19:34 of 2nd period - Stopped by Andrei Vasilevskiy with a rebound.
19:42 of 2nd period - Shot by Adam Henrique.
19:42 of 2nd period - Stopped by Andrei Vasilevskiy without a rebound.
19:43 of 2nd period - Casey Cizikas wins face-off versus Tim Stutzle in Islanders zone.
Goals for this period are 1 for Devils vs 2 for Islanders.
Shots for this period are 12 for Devils vs 12 for Islanders.

3rd period


0:01 of 3rd period - Paul Stastny wins face-off versus Adam Henrique in neutral zone.
0:01 of 3rd period - Paul Stastny is hit by Derick Brassard.
0:40 of 3rd period - Shot by Kyle Connor.
0:40 of 3rd period - Stopped by Jacob Markstrom without a rebound.
0:41 of 3rd period - Aleksander Barkov wins face-off versus Tim Stutzle in Devils zone.
0:52 of 3rd period - Shot by Matthew Tkachuk.
0:52 of 3rd period - Stopped by Jacob Markstrom with a rebound.
0:54 of 3rd period - Shot by Travis Konecny.
0:54 of 3rd period - Stopped by Jacob Markstrom without a rebound.
0:55 of 3rd period - Casey Cizikas wins face-off versus Travis Boyd in Devils zone.
1:18 of 3rd period - Shot by Casey Cizikas.
1:18 of 3rd period - Shot Blocked by Troy Stecher.
1:20 of 3rd period - Shot by Casey Cizikas.
1:20 of 3rd period - Stopped by Jacob Markstrom without a rebound.
1:21 of 3rd period - Aleksander Barkov wins face-off versus Tim Stutzle in Devils zone.
2:14 of 3rd period - Off-side.
2:15 of 3rd period - Adam Henrique wins face-off versus Paul Stastny in neutral zone.
2:32 of 3rd period - Shot by Nikolaj Ehlers.
2:32 of 3rd period - Shot Blocked by Tyler Myers.
2:34 of 3rd period - Shot by Mark Giordano.
2:34 of 3rd period - Stopped by Jacob Markstrom without a rebound.
2:35 of 3rd period - Casey Cizikas wins face-off versus Travis Boyd in Devils zone.
2:35 of 3rd period - Casey Cizikas is hit by Troy Stecher.
2:37 of 3rd period - Shot by Pavel Zacha.
2:37 of 3rd period - Shot Hit the Post.
2:50 of 3rd period - Minor Penalty to Charlie McAvoy for Roughing.
2:51 of 3rd period - Jason Dickinson wins face-off versus Adam Henrique in Islanders zone.
2:57 of 3rd period - Icing by Sean Durzi.
2:58 of 3rd period - Adam Henrique wins face-off versus Casey Cizikas in Devils zone.
4:23 of 3rd period - Off-side.
4:24 of 3rd period - Adam Henrique wins face-off versus Jonatan Berggren in neutral zone.
4:37 of 3rd period - Shot by Tim Stutzle.
4:37 of 3rd period - Stopped by Andrei Vasilevskiy with a rebound.
4:39 of 3rd period - Shot by Dougie Hamilton.
4:39 of 3rd period - Shot Blocked by Mark Giordano.
4:41 of 3rd period - Shot by Marcus Johansson.
4:41 of 3rd period - Stopped by Andrei Vasilevskiy without a rebound.
4:42 of 3rd period - Casey Cizikas wins face-off versus Travis Boyd in Islanders zone.
4:51 of 3rd period - Shot by Travis Boyd.
4:51 of 3rd period - Shot Misses the Net.
5:04 of 3rd period - Nikolaj Ehlers is hit by Tyler Myers and loses puck.
5:27 of 3rd period - Tyler Myers is hit by Kyle Connor.
5:38 of 3rd period - Icing by Charlie McAvoy.
5:39 of 3rd period - Paul Stastny wins face-off versus Tim Stutzle in Islanders zone.
6:02 of 3rd period - Shot by Travis Konecny.
6:02 of 3rd period - Shot Blocked by Dougie Hamilton.
6:04 of 3rd period - Shot by Matthew Tkachuk.
6:04 of 3rd period - Stopped by Jacob Markstrom without a rebound.
6:05 of 3rd period - Casey Cizikas wins face-off versus Adam Henrique in Devils zone.
6:06 of 3rd period - Shot by Pavel Zacha.
6:06 of 3rd period - Stopped by Jacob Markstrom without a rebound.
6:07 of 3rd period - Adam Henrique wins face-off versus Aleksander Barkov in Devils zone.
6:21 of 3rd period - Shot by Matthew Tkachuk.
6:21 of 3rd period - Shot Misses the Net.
6:23 of 3rd period - Shot by Aleksander Barkov.
6:23 of 3rd period - Stopped by Jacob Markstrom without a rebound.
6:24 of 3rd period - Tim Stutzle wins face-off versus Casey Cizikas in Devils zone.
6:24 of 3rd period - Tim Stutzle is hit by Casey Cizikas.
6:27 of 3rd period - Minor Penalty to Casey Cizikas for Holding.
6:28 of 3rd period - Mason Shaw wins face-off versus Adam Henrique in Islanders zone.
6:58 of 3rd period - Shot by Dougie Hamilton.
6:58 of 3rd period - Stopped by Andrei Vasilevskiy without a rebound.
6:59 of 3rd period - Travis Boyd wins face-off versus Jason Dickinson in Islanders zone.
7:14 of 3rd period - Shot by Rafael Harvey-Pinard.
7:14 of 3rd period - Stopped by Andrei Vasilevskiy without a rebound.
7:15 of 3rd period - Mason Shaw wins face-off versus Marcus Johansson in Islanders zone.
7:48 of 3rd period - Shot by Tim Stutzle.
7:48 of 3rd period - Stopped by Andrei Vasilevskiy without a rebound.
7:49 of 3rd period - Rafael Harvey-Pinard wins face-off versus Mason Shaw in Islanders zone.
7:52 of 3rd period - Shot by Mike Hoffman.
7:52 of 3rd period - Stopped by Andrei Vasilevskiy without a rebound.
7:53 of 3rd period - Travis Boyd wins face-off versus Jason Dickinson in Islanders zone.
7:58 of 3rd period - Shot by Mike Hoffman.
7:58 of 3rd period - Stopped by Andrei Vasilevskiy without a rebound.
7:59 of 3rd period - Travis Boyd wins face-off versus Mason Shaw in Islanders zone.
8:16 of 3rd period - Shot by Mike Hoffman.
8:16 of 3rd period - Shot Blocked by Conor Garland.
8:18 of 3rd period - Shot by Mike Hoffman.
8:18 of 3rd period - Shot Misses the Net.
8:22 of 3rd period - Shot by MacKenzie Weegar.
8:22 of 3rd period - Stopped by Andrei Vasilevskiy without a rebound.
8:23 of 3rd period - Adam Henrique wins face-off versus Jason Dickinson in Islanders zone.
8:24 of 3rd period - Shot by Sean Durzi.
8:24 of 3rd period - Stopped by Andrei Vasilevskiy with a rebound.
8:26 of 3rd period - Shot by Sean Durzi.
8:26 of 3rd period - Shot Misses the Net.
8:35 of 3rd period - Icing by Adam Gaudette.
8:36 of 3rd period - Adam Gaudette wins face-off versus Aleksander Barkov in Devils zone.
8:43 of 3rd period - Shot by Troy Stecher.
8:43 of 3rd period - Stopped by Andrei Vasilevskiy without a rebound.
8:44 of 3rd period - Adam Henrique wins face-off versus Aleksander Barkov in Islanders zone.
8:46 of 3rd period - Ryan Suter beats up Matthew Tkachuk.
8:46 of 3rd period - Penalty to Matthew Tkachuk for Fighting.
8:46 of 3rd period - Penalty to Ryan Suter for Fighting.
8:46 of 3rd period - Brandon Carlo and Derick Brassard fight to a draw.
8:46 of 3rd period - Penalty to Brandon Carlo for Fighting.
8:46 of 3rd period - Penalty to Derick Brassard for Fighting.
8:46 of 3rd period - Travis Konecny beats up Dougie Hamilton.
8:46 of 3rd period - Penalty to Travis Konecny for Fighting.
8:46 of 3rd period - Penalty to Dougie Hamilton for Fighting.
8:46 of 3rd period - Penalty to Dougie Hamilton for instigated a fight.
8:46 of 3rd period - Dougie Hamilton is ejected from game.
8:46 of 3rd period - Minor Penalty to Scott Mayfield for Roughing.
8:46 of 3rd period - Minor Penalty to Aleksander Barkov for Slashing.
8:46 of 3rd period - Minor Penalty to Adam Henrique for Roughing.
8:46 of 3rd period - Minor Penalty to Rafael Harvey-Pinard for High sticking.
8:47 of 3rd period - Travis Boyd wins face-off versus Nikolaj Ehlers in Islanders zone.
8:47 of 3rd period - Troy Stecher is hit by Charlie McAvoy and loses puck.
9:24 of 3rd period - Nikolaj Ehlers is hit by Sean Durzi and loses puck.
9:44 of 3rd period - Shot by Mark Giordano.
9:44 of 3rd period - Stopped by Jacob Markstrom without a rebound.
9:45 of 3rd period - Mark Jankowski wins face-off versus Paul Stastny in Devils zone.
10:03 of 3rd period - Shot by Kyle Connor.
10:03 of 3rd period - Stopped by Jacob Markstrom without a rebound.
10:04 of 3rd period - Pavel Zacha wins face-off versus Mark Jankowski in Devils zone.
10:18 of 3rd period - Icing by Jason Dickinson.
10:19 of 3rd period - Pavel Zacha wins face-off versus Travis Boyd in Islanders zone.
10:21 of 3rd period - Icing by Jason Dickinson.
10:22 of 3rd period - Travis Boyd wins face-off versus Pavel Zacha in Islanders zone.
11:48 of 3rd period - Minor Penalty to Adam Gaudette for Interference.
11:49 of 3rd period - Aleksander Barkov wins face-off versus Travis Boyd in Devils zone.
12:18 of 3rd period - Off-side.
12:19 of 3rd period - Travis Boyd wins face-off versus Paul Stastny in neutral zone.
12:38 of 3rd period - Shot by Paul Stastny.
12:38 of 3rd period - Shot Blocked by Tyler Myers.
12:40 of 3rd period - Shot by Kyle Connor.
12:40 of 3rd period - Shot Misses the Net.
13:10 of 3rd period - Ryan Pulock is hit by Phillip Di Giuseppe and loses puck.
15:27 of 3rd period - Travis Konecny is hit by Phillip Di Giuseppe and loses puck.
15:58 of 3rd period - Shot by Adam Gaudette.
15:58 of 3rd period - Shot Misses the Net.
16:00 of 3rd period - Shot by Dylan Guenther.
16:00 of 3rd period - Shot Misses the Net.
16:02 of 3rd period - Shot by Dylan Guenther.
16:02 of 3rd period - Stopped by Andrei Vasilevskiy without a rebound.
16:03 of 3rd period - Adam Henrique wins face-off versus Pavel Zacha in Islanders zone.
16:06 of 3rd period - Shot by Derick Brassard.
16:06 of 3rd period - Shot Misses the Net.
16:07 of 3rd period - Tyler Myers beats up Brandon Carlo.
16:07 of 3rd period - Penalty to Brandon Carlo for Fighting.
16:07 of 3rd period - Penalty to Tyler Myers for Fighting.
16:07 of 3rd period - Penalty to Tyler Myers for instigated a fight.
16:07 of 3rd period - Tyler Myers is ejected from game.
16:08 of 3rd period - Paul Stastny wins face-off versus Travis Boyd in Islanders zone.
16:37 of 3rd period - Shot by Pavel Zacha.
16:37 of 3rd period - Shot Misses the Net.
16:56 of 3rd period - Mark Jankowski is hit by Matthew Tkachuk and loses puck.
17:15 of 3rd period - Shot by Kyle Connor.
17:15 of 3rd period - Deflect By Matthew Tkachuk.
17:15 of 3rd period - Shot Misses the Net.
18:45 of 3rd period - Icing by Tobias Bjornfot.
18:46 of 3rd period - Jason Dickinson wins face-off versus Tim Stutzle in Islanders zone.
19:15 of 3rd period - Ryan Suter is hit by Travis Konecny and loses puck.
Goals for this period are 0 for Devils vs 0 for Islanders.
Shots for this period are 11 for Devils vs 10 for Islanders.